Map: Acid Plant LE

Players

HeRoMaRinE - Winner!

  • Race: Terran Terran
  • League: Master
  • Spawn Location: 11:00

FeaR

  • Race: Protoss Protoss
  • League: Master
  • Spawn Location: 5:00

Event: HomeStory Cup XVII

VOD

Have the link to the VOD?

Description

Time

  • Played on: June 29, 2018, 9:13 a.m.
  • Length: 9:59

All games in this series

Show
View Real Time Build Order
Export as new Build Order

HeRoMaRinE Terran - Winner!

Build Orders: Gas First Reaper Expand, Reaper Expand, MMM Bio 

Get SALT Encoding   

  12  0:01  SCV  
  13  0:13  SCV  
  14  0:17  Supply Depot  
  14  0:25  SCV  
  15  0:29  Refinery  
  15  0:38  SCV  
  16  0:44  Barracks  
  16  0:50  SCV  
  17  1:03  SCV  
  18  1:15  SCV  
  19  1:31  Orbital Command, Reaper  
  20  1:43  Command Center  
  20  1:54  Factory  
  20  1:58  SCV  
  21  2:07  Refinery  
  21  2:10  Barracks Reactor, SCV  
  22  2:16  Supply Depot  
  22  2:22  SCV  
  23  2:37  SCV  
  23  2:38  Starport  
  23  2:42  Widow Mine  
  26  2:46  Marine x2  
  26  2:49  SCV  
  29  2:56  Orbital Command  
  29  3:01  SCV  
  30  3:08  Cyclone  
  33  3:13  SCV  
  33  3:15  Starport Tech Lab  
  33  3:17  Marine x2  
  36  3:22  Bunker  
  36  3:23  SCV  
  36  3:26  SCV  
  38  3:35  SCV  
  38  3:36  Marine x2  
  38  3:38  SCV  
  38  3:40  Supply Depot  
  42  3:42  Raven  
  44  3:49  SCV  
  44  3:50  Factory Tech Lab, SCV  
  44  3:54  Barracks  
  46  4:02  Marine x2  
  48  4:03  Supply Depot  
  48  4:06  SCV x2  
  50  4:13  Barracks  
  53  4:20  SCV  
  54  4:24  Marine x2  
  56  4:32  SCV  
  56  4:33  Supply Depot  
  56  4:34  Engineering Bay, SCV  
  56  4:37  Starport Reactor  
  57  4:40  Refinery x2  
  57  4:44  Marine x2, SCV  
  57  4:47  SCV  
  57  4:49  Factory Reactor  
  57  4:52  Stimpack, Marauder  
  60  4:56  Supply Depot, SCV  
  60  4:59  SCV  
  62  5:01  Terran Infantry Weapons Level 1  
  62  5:09  SCV  
  62  5:10  Combat Shields  
  62  5:11  SCV  
  62  5:13  Marine x2  
  70  5:21  Marine x2  
  66  5:23  Medivac  
  66  5:24  Medivac  
  66  5:25  Supply Depot  
  66  5:27  Widow Mine  
  66  5:28  Widow Mine, Supply Depot  
  76  5:32  Missile Turret  
  76  5:35  Marine x2  
  78  5:37  SCV  
  78  5:38  SCV  
  84  5:43  Marauder x2  
  84  5:48  Widow Mine  
  84  5:49  Missile Turret  
  88  5:50  Widow Mine  
  88  5:57  Medivac x2  
  88  6:02  Marine x2  
  98  6:04  Marauder x2  
  98  6:07  Supply Depot  
  98  6:15  Supply Depot  
  98  6:23  Marine x2  
  102  6:25  Marauder  
  102  6:29  Widow Mine x2, Marauder  
  108  6:40  Supply Depot  
  110  6:47  Command Center, Marauder  
  110  6:50  Marine x2, Marauder  
  114  7:05  Widow Mine x2  
  114  7:06  Barracks  
  114  7:07  Barracks  
  118  7:14  SCV  
  118  7:15  SCV  
  114  7:18  Liberator x2  
  112  7:26  Marauder x2  
  112  7:31  SCV x2  
  112  7:33  Marine  
  112  7:34  Marine  
  115  7:39  Widow Mine x2  
  115  7:40  Terran Infantry Armor Level 1  
  115  7:43  SCV x2  
  104  7:55  SCV x2  
  104  8:00  Barracks Reactor, Barracks Tech Lab, Marine x2, Marauder x2  
  104  8:02  Orbital Command  
  110  8:07  SCV x2  
  110  8:17  Starport  
  110  8:19  SCV  
  111  8:20  Engineering Bay, SCV  
  111  8:21  Armory  
  112  8:29  SCV  
  112  8:31  SCV  
  112  8:32  Missile Turret  
  112  8:33  SCV  
  112  8:34  Marauder x3  
  121  8:35  Marine x2  
  123  8:42  SCV  
  123  8:43  Medivac x2, SCV  
  123  8:45  SCV  
  123  8:46  Supply Depot  
  123  8:47  Supply Depot  
  130  8:57  Liberator x3, Marauder  
  130  8:58  Marauder  
  130  8:59  Marine x3  
  130  9:01  SCV  
  130  9:02  SCV  
  137  9:09  Marauder  
  131  9:10  Marine  
  131  9:17  Refinery x2, Marine  
  138  9:19  Marauder  
  131  9:27  Command Center, Marauder  
  131  9:30  Marauder  
  135  9:48  Barracks  
  135  9:50  Barracks x2  
Show
View Real Time Build Order
Export as new Build Order

FeaR Protoss 

Build Orders: 1 Gate Expand, Oracle Opening 

Get SALT Encoding   

  12  0:00  Probe  
  13  0:13  Probe  
  14  0:17  Pylon  
  14  0:24  Probe  
  15  0:32  Probe  
  15  0:37  Gateway  
  15  0:40  Probe  
  16  0:45  Assimilator  
  17  0:51  Probe  
  18  1:03  Probe  
  19  1:15  Probe  
  20  1:25  Nexus  
  20  1:33  Cybernetics Core  
  20  1:36  Probe  
  21  1:41  Assimilator  
  21  1:48  Probe  
  21  1:52  Pylon  
  22  2:00  Probe, Stalker  
  23  2:10  Warp Gate  
  23  2:12  Probe  
  26  2:20  Stalker  
  26  2:24  Probe  
  27  2:33  Probe  
  27  2:36  Stargate  
  27  2:37  Probe  
  30  2:41  Probe  
  31  2:49  Probe  
  33  2:51  Probe  
  34  3:01  Probe  
  34  3:03  Probe  
  36  3:10  Oracle  
  36  3:13  Probe  
  36  3:15  Probe  
  36  3:19  Gateway  
  38  3:21  Gateway  
  38  3:25  Probe  
  42  3:27  Probe, Pylon  
  43  3:37  Probe  
  43  3:39  Probe  
  45  3:46  Pylon  
  45  3:47  Oracle  
  48  3:49  Probe  
  48  3:52  Probe  
  50  4:01  Probe  
  51  4:04  Probe, Pylon  
  51  4:06  Twilight Council  
  51  4:08  Assimilator  
  52  4:12  Assimilator  
  52  4:13  Probe  
  52  4:16  Probe  
  54  4:22  Stalker  
  54  4:24  Blink, Phoenix  
  56  4:25  Probe  
  56  4:28  Probe  
  60  4:35  Shield Battery  
  60  4:36  Shield Battery  
  60  4:37  Stalker x2  
  60  4:38  Probe  
  65  4:42  Pylon  
  65  5:03  Probe  
  65  5:05  Nexus  
  65  5:06  Pylon  
  66  5:07  Probe  
  66  5:08  Sentry  
  66  5:10  Stalker x2  
  73  5:16  Probe  
  73  5:19  Probe  
  75  5:23  Forge  
  75  5:27  Pylon  
  75  5:28  Probe  
  76  5:33  Robotics Facility  
  76  5:41  Stalker  
  76  5:42  Stalker x2  
  82  5:48  Pylon  
  82  6:06  Gateway  
  82  6:08  Sentry x3  
  82  6:10  Probe x2  
  82  6:11  Gateway  
  90  6:12  Gateway  
  90  6:16  Immortal  
  90  6:24  Probe x2  
  96  6:33  Stalker x3  
  102  6:44  Probe  
  102  6:46  Probe  
  104  6:47  Probe  
  104  6:50  Pylon  
  104  6:52  Robotics Bay  
  104  6:54  Pylon  
  105  6:57  Probe  
  105  6:58  Probe  
  105  7:00  Stalker  
  105  7:01  Stalker  
  102  7:03  Probe, Stalker  
  105  7:12  Zealot  
  102  7:21  Probe x2  
  82  7:25  Zealot x2  
  81  7:31  Zealot  
  81  7:32  Zealot x2  
  81  7:34  Probe x2  
  66  7:41  Zealot  
  52  7:45  Disruptor  
  42  8:01  Stalker x2  
  42  8:04  Stalker  
  46  8:09  Disruptor  
  46  8:10  Probe x2  
  48  8:16  Probe  
  54  8:31  Sentry, Stalker x2  
  58  8:36  Zealot  
  58  8:40  Disruptor  
  63  8:55  Stalker  
  63  8:56  Stalker  
  65  9:09  Zealot x3  
  62  9:11  Probe  
  55  9:19  Zealot x2  
  55  9:20  Disruptor  
  51  9:40  Stalker x3  
  51  9:43  Sentry  
  51  9:44  Stalker  
  61  9:55  Pylon  
Tags
 
Add a new tag
Caveats
  • Supply blocks, unpowered buildings, or Contaminate may cause inaccurate times.
  • Supply counts are checked every 10 seconds.